 Dungeon Crawl Stone Soup version 0.23.1-37-gaa34b87b72 (webtiles) character file.

Game seed: 4315887832331905080

583 GGGomer the Chopper (level 7, 0/60 HPs)
             Began as a Minotaur Fighter on Mar 21, 2019.
             Was a Plaything of Xom.
             Slain by an orc warrior
             ... wielding a +0 glaive
              (5 damage)
             ... on level 4 of the Dungeon.
             The game lasted 00:10:00 (3538 turns).

GGGomer the Chopper (Minotaur Fighter)              Turns: 3538, Time: 00:10:00

Health: 0/60       AC:  7    Str: 23    XL:     7   Next: 14%
Magic:  6/6        EV:  8    Int:  5    God:    Xom [*.....]
Gold:   156        SH: 10    Dex:  9    Spells: 6/6 levels left

rFire    . . .     SeeInvis .   a - +0 war axe
rCold    . . .     Gourm    .   c - +0 shield
rNeg     . . .     Faith    .   b - +0 scale mail
rPois    .         Spirit   .   (helmet restricted)
rElec    .         Reflect  .   (no cloak)
rCorr    .         Harm     .   (no gloves)
MR       .....                  (no boots)
Stlth    ..........             (no amulet)
HPRegen  0.20/turn              (no ring)
MPRegen  0.10/turn              (no ring)

@: no status effects
A: retaliatory headbutt, horns 2
a: Renounce Religion


You were on level 4 of the Dungeon.
You worshipped Xom.
You were a special plaything of Xom.
You were not hungry.

You visited 2 branches of the dungeon, and saw 5 of its levels.

You collected 156 gold pieces.

Inventory:

Hand Weapons
 a - a +0 war axe (weapon)
Missiles
 l - 42 arrows
Armour
 b - a +0 scale mail (worn)
 c - a +0 shield (worn)
 o - a +0 ring mail
 q - a +0 chain mail
Jewellery
 s - an uncursed ring of flight {unknown}
Scrolls
 g - 7 scrolls of identify {unknown}
 k - 4 scrolls of amnesia {unknown}
 p - a scroll of fear {unknown}
 r - 2 scrolls of teleportation {unknown}
 t - a scroll of remove curse {unknown}
 u - 3 scrolls of enchant armour {unknown}
 v - a scroll of magic mapping {unknown}
Potions
 d - 2 potions of might
 e - 2 potions of curing {unknown}
 h - 2 potions of haste {unknown}
 i - 2 potions of flight {unknown}
 j - a potion of brilliance {unknown}
 m - a potion of berserk rage {unknown}
 n - a potion of degeneration {unknown}
Comestibles
 f - 6 rations


   Skills:
 + Level 4.7 Fighting
 + Level 5.9 Axes
 + Level 5.5 Armour
 + Level 1.7 Dodging
 + Level 0.3 Stealth
 + Level 5.7 Shields


You had 6 spell levels left.
You didn't know any spells.
Your spell library was empty.

Dungeon Overview and Level Annotations

Branches:
Dungeon (4/15)             Temple (1/1) D:4

Altars:
Ashenzari
Cheibriados
Dithmenos
Fedhas
Gozag
Hepliaklqana
Okawaru
Ru
Sif Muna
Trog
Uskayaw
Vehumet
Wu Jian
Xom
Yredelemnul
Zin


Innate Abilities, Weirdness & Mutations

You reflexively headbutt those who attack you in melee.
You have a pair of horns on your head.


Message History

The orc warrior blinks!
The orc warrior hits you with a +0 glaive!
* * * LOW HITPOINT WARNING * * *
A shower of butterflies erupts from you!
You barely miss the orc warrior. You block the orc warrior's attack.
You barely miss the orc warrior. Your headbutt misses the orc warrior.
The orc warrior misses you. You furiously retaliate!
You headbutt the orc warrior.
You hit the orc warrior but do no damage.
The orc warrior is lightly wounded.
The orc warrior hits you with a +0 glaive!
* * * LOW HITPOINT WARNING * * *
You closely miss the orc warrior. You headbutt the orc warrior!
The orc warrior is heavily wounded.
The orc warrior barely misses you.
You hit the orc warrior but do no damage.
You headbutt the orc warrior!
The orc warrior is severely wounded.
The orc warrior hits you with a +0 glaive.
You die...

#.^_^^##.#
##..^###.#
#^.^.^##.# #
##.^.###.# #
##'####.# #
#########.###..####
#bbb...............
##b################
#@# #o# #
#.###..##/
#.........
#.#.##:.## #..#$#
#.b.#@. #...$##.
##...# ..


You could see an orc warrior.

Vanquished Creatures
  Sigmund (D:4)
  An ice beast (D:4)
  A howler monkey (D:4)
  A hound (D:4)
  Natasha (twice) (D:2)
  A worker ant (D:4)
  11 adders
  An ooze (D:1)
  An adder zombie (D:3)
  3 worms
  3 dart slugs
  6 leopard geckos
  4 bats
  5 giant cockroaches
  8 goblins
  10 hobgoblins
  3 jackals (D:1)
  A quokka (D:2)
  2 ball pythons (D:1)
  A frilled lizard (D:1)
  A kobold (D:1)
  4 rats (D:2)
  A spectral orc (D:4)
72 creatures vanquished.

Notes
Turn   | Place    | Note
-------+----------+-------------------------------------------
     0 | D:1      | GGGomer the Minotaur Fighter began the quest for the Orb.
     0 | D:1      | Reached XP level 1. HP: 19/19 MP: 0/0
    79 | D:1      | Reached XP level 2. HP: 24/27 MP: 1/1
   410 | D:1      | Reached XP level 3. HP: 33/33 MP: 2/2
   780 | D:2      | Found an ornate altar of the Wu Jian Council.
   982 | D:2      | Found a radiant altar of Vehumet.
  1188 | D:2      | Reached XP level 4. HP: 33/40 MP: 3/3
  1373 | D:2      | Noticed Natasha
  1377 | D:2      | Killed Natasha
  1589 | D:2      | Noticed Natasha
  1603 | D:2      | Killed Natasha
  1603 | D:2      | Reached skill level 5 in Shields
  1603 | D:2      | Reached XP level 5. HP: 17/47 MP: 4/4
  2067 | D:3      | Reached skill level 1 in Dodging
  2934 | D:4      | Reached skill level 5 in Armour
  2936 | D:4      | Reached XP level 6. HP: 50/53 MP: 5/5
  2971 | D:4      | Found a staircase to the Ecumenical Temple.
  2971 | D:4      | Noticed an ice beast
  2987 | D:4      | Killed an ice beast
  2987 | D:4      | Reached skill level 5 in Axes
  3149 | Temple   | Entered the Ecumenical Temple
  3418 | Temple   | Became a worshipper of Xom of Chaos
  3467 | D:4      | Found a basalt altar of Yredelemnul.
  3514 | D:4      | Noticed an orc warrior
  3514 | D:4      | Noticed Sigmund
  3526 | D:4      | XOM: potion effect (curing)
  3528 | D:4      | Killed Sigmund
  3528 | D:4      | Reached XP level 7. HP: 57/60 MP: 6/6
  3532 | D:4      | XOM: blink monster(s)
  3533 | D:4      | XOM: butterfly on damage
  3538 | D:4      | Slain by an orc warrior

Skill      XL: |  1  2  3  4  5  6 |
---------------+-------------------+-----
Shields        | 4 5 |  5.7
Fighting       | 4 |  4.7
Armour         | 4 5 |  5.5
Axes           | 3 4 5 |  5.9
Dodging        | 1 |  1.7
Stealth        | |  0.3

Action                   |  1- 3 |  4- 6 |  7- 9 || total
-------------------------+-------+-------+-------++-------
Melee: War axe           |    82 |   126 |     8 ||   216
       Headbutt          |    10 |    18 |     2 ||    30
  Eat: Chunk             |     1 |     3 |       ||     4
       Ration            |       |     2 |       ||     2
Armor: Scale mail        |    43 |    33 |       ||    76
Dodge: Dodged            |    24 |    46 |     2 ||    72
Block: Shield            |    44 |    87 |     2 ||   133
